 Dungeon Crawl Stone Soup version 0.28-b1-25-g9875b3fc8c (console) character file.

Game seed: 9760108629240858944

521 syban the Ducker (level 7, -3/55 HPs)
             Began as a Palentonga Earth Elementalist on Jan 31, 2022.
             Was a Follower of Ru.
             Slain by an ogre (22 damage)
             ... on level 5 of the Dungeon.
             The game lasted 00:08:20 (3969 turns).

syban the Ducker (Palentonga Earth Elementalist)    Turns: 3969, Time: 00:08:20

Health: -3/55      AC: 17    Str: 11      XL:     7   Next: 1%
Magic:  10/10      EV: 10    Int: 17 (18) God:    Ru [*.....]
Gold:   180        SH:  0    Dex:  9 (10) Spells: 8/11 levels left

rFire   + . .      SeeInvis +   a - +5 long sword
rCold   . . .      Faith    .   (no shield)
rNeg    . . .      Spirit   .   b - +0 robe
rPois   .          Reflect  .   (no helmet)
rElec   .          Harm     .   (no cloak)
rCorr   .          Rampage  .   n - +1 pair of gloves
Will    .....                   (no barding)
Stlth   +.........              (no amulet)
HPRegen 0.18/turn               m - ring of protection from fire
MPRegen 0.12/turn               h - +4 ring of protection

@: curled up
A: large, rugged brown scales 3, see invisible, deformed body, hated by all,
roll 1, armoured tail, reflexive curl
a: Rolling Charge, Renounce Religion


You were on level 5 of the Dungeon.
You worshipped Ru.
Ru was aware of your devotion.
You visited 1 branch of the dungeon, and saw 5 of its levels.

You collected 180 gold pieces.

Inventory:

Hand Weapons
 a - a +5 long sword (weapon)
 e - a +0 dagger
 f - a +0 short sword of speed
Missiles
 c - 117 stones
Armour
 b - a +0 robe (worn)
 n - a +1 pair of gloves (worn)
Jewellery
 h - a +4 ring of protection (right hand)
 l - an amulet of reflection
 m - a ring of protection from fire (left hand)
Wands
 i - a wand of flame (18)
Scrolls
 d - 2 scrolls of holy word
 j - a scroll of magic mapping
Potions
 g - a potion of ambrosia
 k - a potion of might {unknown}


   Skills:
 * Level 3.2 Fighting
 * Level 2.3 Armour
 * Level 4.5 Dodging
 - Level 1.2 Stealth
 + Level 2.5 Spellcasting
 - Level 1.0 Transmutations
 + Level 3.1 Earth Magic


You had 8 spell levels left.
You knew the following spells:

 Your Spells              Type           Power      Damage    Failure   Level
a - Sandblast             Erth           24%        2d8       5%          1
b - Passwall              Tmut/Erth      7%         N/A       12%         2

Your spell library contained the following spells:

 Spells                   Type           Power      Damage    Failure   Level
 Stone Arrow              Conj/Erth      14%        3d7       28%         3
 Petrify                  Tmut/Erth      9%         N/A       61%         4
 Iskenderun's Battlesphe  Conj           2%         2d6       99%         5
 Iron Shot                Conj/Erth      3%         9d2       100%        6
 Spellforged Servitor     Conj/Summ      Unusable   N/A       N/A         7

Dungeon Overview and Level Annotations

Branches:
Dungeon (5/15)
 Temple: D:4-7

Altars:
Qazlal
Ru

Shops:
D:1 ?


Innate Abilities, Weirdness & Mutations

You are completely covered in rugged brown scales. (AC +3, +7% HP)
You have supernaturally acute eyesight. (SInv)
Armour fits poorly on your strangely shaped body.
You are hated by all.
You can roll at nearby foes to attack.
You have a long armoured tail.
You curl defensively after being hit. (AC +7*)


Message History

There is a stone staircase leading up here.
Unknown command.
You see here a +4 long sword.
m - a +4 long sword
m - a +4 long sword (weapon)
Unknown command.
As you read the scroll labelled ACERUNNINU, it crumbles to dust.
It is a scroll of enchant weapon.
Your +4 long sword glows red for a moment.
Unknown command.
Adjust (i)tems, (s)pells, or (a)bilities?
m - a +5 long sword (weapon)
Adjust to which letter? (? for menu, Esc to quit)
a - a +5 long sword (weapon)
m - a ring of protection from fire (left hand) Unknown command.
Found a stone staircase leading up.
You open the door.
An ogre comes into view. It is wielding a +0 giant club.
The ogre shouts!
The ogre hits you with a +0 giant club.
You barely miss the ogre. The ogre misses you.
You barely miss the ogre.
Your tail-slap misses the ogre.
The ogre hits you with a +0 giant club!
You hit the ogre.
The ogre is lightly wounded.
The ogre is stunned by your conviction and fails to attack.
You hit the ogre.
The ogre is moderately wounded.
The ogre hits you with a +0 giant club!
You are too injured to fight recklessly!
You are too injured to fight recklessly!
You barely miss the ogre.
The ogre is moderately wounded.
The ogre hits you with a +0 giant club.
Unknown command.
You barely miss the ogre.
The ogre is moderately wounded.
The ogre hits you with a +0 giant club!!
You die...

...##....#.#.####....#
........##.#.# ....#..
#######.##.#.####....#..
.........#.#....+.......
#######..#....###.......
######..#.##.##.!....#
#....................#
#.....#......##......#
#.....##.######@.....#
+.....##.# #O.....#
#......#.. #......#
#......#..< #....#...
#.....<# ... #......##
#......# ... ........
#......# #........
........# #...#..##
##..#.###


You could see an ogre.

Vanquished Creatures
  Menkaure (D:4)
  An ogre (D:4)
  A hound (D:4)
  Natasha (thrice) (D:3)
  5 adders
  4 gnolls (D:4)
  2 adder skeletons (D:4)
  A worm (D:4)
  2 dart slugs (D:2)
  2 orcs
  3 bats
  4 endoplasms
  5 giant cockroaches
  6 goblins
  7 hobgoblins
  4 jackals (D:1)
  A quokka (D:2)
  A ball python (D:3)
  3 frilled lizards (D:2)
  5 kobolds
  3 rats
64 creatures vanquished.

Vanquished Creatures (others)
  A phantom (D:4)
1 creature vanquished.

Grand Total: 65 creatures vanquished

Notes
Turn   | Place    | Note
-------+----------+-------------------------------------------
     0 | D:1      | syban the Palentonga Earth Elementalist began the quest for
                  | the Orb.
     0 | D:1      | Reached XP level 1. HP: 13/13 MP: 3/3
    46 | D:1      | Found a faded altar of an unknown god.
    71 | D:1      | Prayed at the altar of an unknown god.
    71 | D:1      | Became a worshipper of Ru the Awakened
    90 | D:1      | Gained mutation: You are hated by all. [Ru sacrifice]
    90 | D:1      | Reached * piety under Ru
   147 | D:1      | Found Juox's Magic Scroll Emporium.
   268 | D:1      | Reached XP level 2. HP: 15/21 MP: 5/5
   508 | D:1      | Reached skill level 2 in Dodging
   777 | D:1      | Reached skill level 1 in Fighting
  1317 | D:2      | Reached XP level 3. HP: 24/27 MP: 6/6
  1385 | D:2      | Reached skill level 1 in Armour
  1893 | D:3      | Noticed Natasha
  1908 | D:3      | Killed Natasha
  1909 | D:3      | Reached XP level 4. HP: 34/34 MP: 1/7
  2074 | D:3      | Noticed Natasha
  2082 | D:3      | Killed Natasha
  2083 | D:3      | Reached skill level 3 in Dodging
  2192 | D:3      | Noticed Natasha
  2204 | D:3      | Killed Natasha
  2320 | D:3      | Reached XP level 5. HP: 38/40 MP: 8/8
  2375 | D:3      | Found a stormy altar of Qazlal.
  2461 | D:4      | Noticed a phantom
  2501 | D:4      | Killed a phantom
  2694 | D:4      | Learned a level 2 spell: Passwall
  2795 | D:4      | Noticed an ogre
  2809 | D:4      | Killed an ogre
  2810 | D:4      | Reached skill level 4 in Dodging
  2810 | D:4      | Reached XP level 6. HP: 17/49 MP: 6/9
  3061 | D:4      | Noticed Menkaure
  3071 | D:4      | Killed Menkaure
  3400 | D:4      | Gained mutation: You curl defensively after being hit. (AC
                  | +7*) [Palentonga growth]
  3400 | D:4      | Reached XP level 7. HP: 55/55 MP: 10/10
  3921 | D:5      | Entered Level 5 of the Dungeon
  3969 | D:5      | Slain by an ogre

Illustrated notes

Levels and vault maps discovered:
D:1:      amcnicky_arrival_gap_in_the_tavern_cellar, layout_loops_ring,
          serial_shops, nicolae_diamond_shop,
          ebering_ecumenical_altar_sacrificial
D:2:      layout_loops_cross, corner_web_ring, minmay_misc_feat_ornament
D:3:      layout_loops_cross, nicolae_qazlal_eye_of_the_storm, uniq_natasha
D:4:      layout_loops_ring, uniq_menkaure
D:5:      layout_basic, trog_three_pillars_becter, serial_shops, shop,
          st_stairs_4

Skill      XL: |  1  2  3  4  5  6 |
---------------+-------------------+-----
Dodging        | 2 3 4 |  4.5
Fighting       | 1 2 3 |  3.2
Armour         | 1 2 |  2.3
Earth Magic    | 3 |  3.1
Stealth        | |  1.2
Spellcasting   | |  2.5
Transmutations | |  1.0

Action                   |  1- 3 |  4- 6 |  7- 9 || total
-------------------------+-------+-------+-------++-------
Melee: Unarmed           |    23 |       |       ||    23
       Short sword       |   118 |   133 |    13 ||   264
       Tailslap          |    14 |    11 |     3 ||    28
       Dagger            |     1 |       |       ||     1
       Long sword        |       |       |     6 ||     6
 Cast: Sandblast         |     6 |    33 |       ||    39
Invok: Sacrifice Love    |     1 |       |       ||     1
       Reject Sacrifices |       |     1 |       ||     1
  Use: Potion            |       |     6 |       ||     6
       Scroll            |       |     2 |     2 ||     4
 Stab: Sleeping          |     4 |     1 |       ||     5
Armor: Robe              |    59 |    31 |     4 ||    94
       Skin              |       |    23 |       ||    23
Dodge: Dodged            |    50 |    52 |     3 ||   105
